 Dungeon Crawl Stone Soup version 0.27.1-33-g824d729ab1 (webtiles) character file.

Game seed: 10591955366491501131

10392 boopmooplesden the Blocker (level 11, -3/95 HPs)
             Began as a Minotaur Fighter on Dec 11, 2021.
             Was a High Priest of Okawaru.
             Slain by Sonja (4 damage)
             ... on level 10 of the Dungeon.
             The game lasted 00:13:22 (12054 turns).

boopmooplesden the Blocker (Minotaur Fighter)      Turns: 12054, Time: 00:13:24

Health: -3/95      AC: 14    Str: 23    XL:     11   Next: 35%
Magic:  8/11       EV: 11    Int:  5    God:    Okawaru [*****.]
Gold:   321        SH: 18    Dex: 11    Spells: 10/10 levels left

rFire    . . .     SeeInvis .   F - +5 scimitar (elec)
rCold    . . .     Faith    .   c - +4 kite shield
rNeg     . . .     Spirit   .   l - +0 chain mail
rPois    .         Reflect  .   (helmet restricted)
rElec    .         Harm     .   w - scarf {repulsion}
rCorr    .         Rampage  .   (no gloves)
Will     .....                  (no boots)
Stlth    ..........             (no amulet)
HPRegen  0.25/turn              f - ring of flight
MPRegen  0.12/turn              (no ring)

@: heroic, flying, repel missiles
A: horns 2, retaliatory headbutt
a: Renounce Religion, Heroism, Finesse


You were on level 10 of the Dungeon.
You worshipped Okawaru.
Okawaru was extremely pleased with you.
You visited 2 branches of the dungeon, and saw 11 of its levels.

You collected 559 gold pieces.
You spent 238 gold pieces at shops.

Inventory:

Hand Weapons
 a - a +0 long sword
 p - a +0 war axe of flaming
 q - a +1 vorpal falchion
 x - a +2 vorpal falchion
 F - a +5 scimitar of electrocution (weapon)
 I - a +4 great sword of electrocution
Missiles
 r - 6 javelins (quivered)
Armour
 b - a +0 scale mail
 c - a +4 kite shield (worn)
 l - a +0 chain mail (worn)
 w - a scarf of repulsion (worn)
Jewellery
 f - a ring of flight (left hand)
 s - an amulet of faith
 y - a ring of see invisible
 D - a ring of ice
 E - an amulet of guardian spirit
Wands
 g - a wand of flame (42)
 n - a wand of digging (3)
Scrolls
 e - 4 scrolls of teleportation
 t - 2 scrolls of magic mapping
 u - 3 scrolls of identify
 H - a scroll of enchant weapon {unknown}
Potions
 d - 2 potions of might
 h - 4 potions of haste
 i - 2 potions of brilliance
 j - 5 potions of flight
 k - a potion of magic
 m - a potion of attraction
 o - 6 potions of curing
 v - 3 potions of mutation
 z - a potion of degeneration {unknown}
 A - a potion of cancellation {unknown}
 B - a potion of lignification {unknown}
 C - 2 potions of resistance {unknown}
 G - a potion of heal wounds


   Skills:
 + Level 8.5(13.5) Fighting
 + Level 11.2(16.2) Long Blades
 + Level 0.4(5.4) Throwing
 + Level 11.5(16.5) Armour
 + Level 3.7(8.7) Dodging
 + Level 1.1(6.1) Stealth
 + Level 11.7(16.7) Shields
 + Level 1.5 Invocations


You had 10 spell levels left.
You didn't know any spells.
Your spell library contained the following spells:

 Spells                   Type           Power      Damage    Failure   Level
 Corona                   Hex            0%         N/A       91%         1
 Freeze                   Ice            0%         1d3       91%         1
 Ensorcelled Hibernation  Hex/Ice        0%         N/A       97%         2
 Conjure Flame            Conj/Fire      0%         6-21      100%        3
 Dazzling Flash           Conj/Hex       0%         N/A       100%        3
 Frozen Ramparts          Ice            0%         1d2       100%        3
 Ignite Poison            Fire/Tmut/Pois 0%         N/A       100%        3
 Tukima's Dance           Hex            0%         N/A       100%        3
 Hailstorm                Conj/Ice       0%         3d3       100%        4
 Ice Form                 Ice/Tmut       0%         N/A       100%        4
 Sticky Flame             Conj/Fire      0%         2d3       100%        4
 Summon Ice Beast         Ice/Summ       0%         N/A       100%        4
 Agony                    Necr           0%         N/A       100%        5
 Alistair's Intoxication  Tmut/Pois      0%         N/A       100%        5
 Borgnjor's Vile Clutch   Necr/Erth      0%         N/A       100%        5
 Silence                  Hex/Air        0%         N/A       100%        5
 Eringya's Noxious Bog    Tmut/Pois      0%         N/A       100%        6


Dungeon Overview and Level Annotations

Branches:
Dungeon (10/15)            Temple (1/1) D:4
   Lair: D:8-11         Orc: D:9-12

Altars:
Ashenzari
Elyvilon
Gozag
Kikubaaqudgha
Nemelex Xobeh
Okawaru
Qazlal
Trog
Uskayaw
Vehumet
Wu Jian
Xom
The Shining One

Shops:
D:9 (

Annotations:
D:10 Sonja


Innate Abilities, Weirdness & Mutations

You have a pair of horns on your head.
You reflexively headbutt those who attack you in melee.


Message History

You hit the kobold.
You kill the kobold!
Sonja throws a curare-tipped dart.
The curare-tipped dart barely misses you.
You hit the kobold. Lightning courses through the kobold!!
You kill the kobold!
You closely miss the kobold.
Sonja mumbles some strange words.
Sonja blinks!
You slice the kobold!!
You kill the kobold!
Okawaru accepts your kill.
Items here: ))) †.
You block Sonja's attack. x2; Sonja closely misses you.
There is an open door, spattered with blood here.
Items here: ( ))) ††.
You closely miss Sonja. You block Sonja's attack.
Sonja hits you with a +2 short sword of distortion.
Space bends around you. Sonja closely misses you.
You closely miss Sonja. Your headbutt misses Sonja.
You block Sonja's attack. x2
Sonja hits you but does no damage.
You blink.
Okay, then.
You feel more confident with your borrowed prowess.
Sonja closely misses you. Sonja hits you but does no damage.
Space warps horribly around you!! Sonja barely misses you.
Your chain mail prevents you from hitting Sonja.
Sonja shouts, "Too slow!"
You block Sonja's attack. Sonja closely misses you. Sonja misses you.
You barely miss Sonja. You block Sonja's attack.
Sonja hits you but does no damage. Space warps horribly around you!!
Sonja hits you but does no damage. Space warps horribly around you!!
* * * LOW HITPOINT WARNING * * *
You miss Sonja. Your headbutt misses Sonja.
Sonja hits you with a +2 short sword of distortion!
* * * LOW HITPOINT WARNING * * *
Space warps horribly around you.
* * * LOW HITPOINT WARNING * * *
You block Sonja's attack.
Sonja hits you with a +2 short sword of distortion.
You die...

.... ..K. ..../ #########
.....#####.......#
....K....#.)..@..#
......K..#...K...#
.........#....(..#
.........).......+...# ..######
....$....#.......##..##..##....
.........#.......##......##....
####...####)#.....##.....##....
#... #)#.....##.....##(...
..... #.#.....##.....##....


You could see Sonja.

Vanquished Creatures
  A two-headed ogre (D:7)
  The ghost of ces the Unseen, a novice SpBr of Gozag (D:9)
  A flayed ghost (D:9)
  Pikel (D:5)
  A manticore (D:7)
  Joseph (D:7)
  Maggie (D:6)
  3 polar bears (D:7)
  6 yaks
  4 wyverns
  A wraith (D:10)
  A hog (D:7)
  3 steam dragons
  2 water moccasins (D:6)
  5 orc warriors
  6 black bears
  3 ice beasts
  A necrophage (D:5)
  A sky beast (D:7)
  2 ogres
  4 centaurs
  A wolf (D:7)
  2 phantoms
  Blork the orc (D:6)
  A bullfrog (D:6)
  2 scorpions
  A water moccasin zombie (D:6)
  2 wyvern skeletons
  A water moccasin skeleton (D:5)
  15 killer bees
  A howler monkey (D:5)
  A jelly (D:6)
  2 centaur zombies
  5 orc priests
  3 hounds
  An iguana (D:6)
  A gnoll shaman (D:6)
  Ijyb (D:5)
  4 orc wizards
  A hound skeleton (D:2)
  4 adders
  5 gnolls (D:6)
  2 white imps
  A dart slug (D:4)
  32 orcs
  7 ball pythons
  6 bats
  10 endoplasms
  5 giant cockroaches
  4 goblins
  5 hobgoblins
  3 jackals
  11 kobolds
  5 quokkas
  8 frilled lizards
  7 rats
210 creatures vanquished.

Vanquished Creatures (others)
  A sky beast (D:6)
  An adder (D:6)
2 creatures vanquished.

Grand Total: 212 creatures vanquished

Notes
Turn   | Place    | Note
-------+----------+-------------------------------------------
     0 | D:1      | boopmooplesden the Minotaur Fighter began the quest for the
                  | Orb.
     0 | D:1      | Reached XP level 1. HP: 19/19 MP: 0/0
   110 | D:1      | Reached XP level 2. HP: 27/27 MP: 1/1
   655 | D:1      | Reached XP level 3. HP: 33/33 MP: 2/2
  1690 | D:3      | Reached XP level 4. HP: 15/40 MP: 3/3
  2326 | D:3      | HP: 2/40 [something/magic dart (5)]
  2335 | D:3      | Reached XP level 5. HP: 19/46 MP: 4/4
  2665 | D:3      | Found a faded altar of an unknown god.
  3262 | D:4      | Found a staircase to the Ecumenical Temple.
  3375 | D:4      | Reached skill level 5 in Armour
  3375 | D:4      | Reached skill level 1 in Dodging
  3465 | Temple   | Entered the Ecumenical Temple
  3475 | Temple   | Became a worshipper of Warmaster Okawaru
  3694 | D:5      | Entered Level 5 of the Dungeon
  3704 | D:5      | Reached skill level 5 in Shields
  3722 | D:5      | Reached XP level 6. HP: 44/53 MP: 5/5
  3837 | D:5      | Reached skill level 5 in Long Blades
  4023 | D:5      | Reached * piety under Okawaru
  4034 | D:5      | Reached XP level 7. HP: 24/60 MP: 6/6
  4094 | D:5      | Noticed Pikel
  4133 | D:5      | Killed Pikel
  4134 | D:5      | Reached skill level 5 in Fighting
  4134 | D:5      | Reached XP level 8. HP: 22/68 MP: 7/7
  4135 | D:5      | Reached ** piety under Okawaru
  4888 | D:5      | Noticed Ijyb
  4902 | D:5      | Killed Ijyb
  5887 | D:6      | Noticed Maggie
  5903 | D:6      | Killed Maggie
  5904 | D:6      | Reached XP level 9. HP: 58/75 MP: 5/8
  6087 | D:6      | Reached *** piety under Okawaru
  6456 | D:6      | Reached skill level 1 in Invocations
  6680 | D:6      | Noticed Blork the orc
  6691 | D:6      | Killed Blork the orc
  7247 | D:7      | Found a huge runed translucent gate.
  7247 | D:7      | Found a huge runed translucent gate.
  7247 | D:7      | Noticed a polar bear
  7248 | D:7      | Found a huge runed translucent gate.
  7248 | D:7      | Noticed a polar bear
  7248 | D:7      | Noticed a manticore
  7249 | D:7      | Found a huge runed translucent gate.
  7249 | D:7      | Noticed a polar bear
  7250 | D:7      | Noticed a polar bear
  7327 | D:7      | Reached **** piety under Okawaru
  7516 | D:7      | Noticed a two-headed ogre
  7524 | D:7      | Killed a two-headed ogre
  7525 | D:7      | Reached skill level 1 in Stealth
  7525 | D:7      | Reached XP level 10. HP: 72/86 MP: 9/9
  7539 | D:7      | Reached skill level 10 in Armour
  8524 | D:7      | Reached skill level 10 in Long Blades
  8531 | D:7      | Noticed Joseph
  8559 | D:7      | Killed Joseph
  8559 | D:7      | Reached ***** piety under Okawaru
  8560 | D:7      | Reached skill level 10 in Shields
  9281 | D:7      | Received a gift from Okawaru
  9304 | D:7      | Killed a manticore
  9839 | D:7      | Reached XP level 11. HP: 75/94 MP: 11/11
  9954 | D:8      | Received a gift from Okawaru
 10129 | D:8      | Found a white marble altar of Elyvilon.
 10889 | D:8      | Found a hide-covered altar of Uskayaw.
 10890 | D:8      | Found a stormy altar of Qazlal.
 10890 | D:8      | Found a shimmering altar of Xom.
 10892 | D:8      | Found a broken altar of Ashenzari.
 10894 | D:8      | Found an ornate altar of the Wu Jian Council.
 11109 | D:9      | Found Ifoycel's Antique Weapon Emporium.
 11117 | D:9      | Bought a runed scimitar for 238 gold pieces
 11183 | D:9      | Noticed a flayed ghost
 11183 | D:9      | Noticed ces's ghost (novice SpBr)
 11186 | D:9      | Found a runed translucent door.
 11687 | D:9      | Killed ces's ghost
 11695 | D:9      | Killed a flayed ghost
 11755 | D:10     | Entered Level 10 of the Dungeon
 12025 | D:10     | Noticed Sonja
 12054 | D:10     | HP: 1/95 [Sonja (6)]
 12054 | D:10     | Slain by Sonja

Illustrated notes

Levels and vault maps discovered:
D:1:      evilmike_arrival_crescent, layout_loops_ring, minmay_ruptured
D:2:      layout_loops_cross
D:3:      layout_basic, hellmonk_ecumenical_altar_inner_sanctum
D:4:      wander_river, layout_rooms, minmay_temple_entry_nine_rooms,
          grunt_decor_cap, chequers_serial_rivers_micro_b,
          roderic_serpentine_path
D:5:      layout_basic, uniq_ijyb, uniq_pikel
D:6:      minmay_inner_zag, layout_basic, uniq_blork_the_orc, uniq_maggie
D:7:      lemuel_bear_cage, layout_basic, minmay_starry_boxes, uniq_joseph
D:8:      layout_basic, minitemple
D:9:      layout_roguey, ebering_ghost_inner_flame, serial_shops, shop
D:10:     layout_basic, david_orc_5, uniq_erica, uniq_sonja
Temple:   eino_temple_rhombus

Skill      XL: |  1  2  3  4  5  6  7  8  9 10 11 |
---------------+----------------------------------+-----
Shields        | 4 5 6 7 9 11 | 11.7
Armour         | 4 5 7 8 9 11 | 11.5
Long Blades    | 3 4 5 6 7 9 10 11 | 11.2
Fighting       | 4 5 6 7 8 |  8.5
Dodging        | 1 2 3 |  3.7
Invocations    | 1 |  1.5
Stealth        | 1 |  1.1
Throwing       | |  0.4

Action                   |  1- 3 |  4- 6 |  7- 9 | 10-12 || total
-------------------------+-------+-------+-------+-------++-------
Melee: Long sword        |    88 |    11 |       |       ||    99
       Headbutt          |    13 |    19 |    70 |    77 ||   179
       Falchion          |       |   102 |   239 |   322 ||   663
       Scimitar          |       |       |       |    63 ||    63
Throw: Javelin           |       |       |     3 |       ||     3
Invok: Heroism           |       |       |     4 |    11 ||    15
  Use: Scroll            |     5 |     3 |     3 |     7 ||    18
       Potion            |       |     4 |     1 |       ||     5
Armor: Scale mail        |    39 |    23 |       |       ||    62
       Chain mail        |       |    40 |    98 |   117 ||   255
Dodge: Dodged            |    40 |    34 |    62 |    97 ||   233
Block: Kite shield       |    52 |    78 |   145 |   302 ||   577
       Rpst.: Long sword |    10 |       |       |       ||    10
       Falchion          |       |     9 |    13 |    17 ||    39
       Scimitar          |       |       |       |     2 ||     2
